 Dungeon Crawl Stone Soup version 0.28.0-1-gb440e238dd (webtiles) character file.

Game seed: 8520844833116627924

79 spaghetti the Chopper (level 4, 31/35 HPs)
             Began as a Demonspawn Berserker on Feb 22, 2022.
             Was a Believer of Trog.
             Quit the game on level 2 of the Dungeon.
             The game lasted 00:03:23 (2859 turns).

spaghetti the Chopper (Demonspawn Berserker)        Turns: 2859, Time: 00:03:23

Health: 31/35      AC:  3    Str: 19    XL:     4   Next: 16%
Magic:  4/4        EV: 14    Int:  9    God:    Trog [**....]
Gold:   113        SH:  0    Dex: 12    Spells: 3/3 levels left

rFire   . . .      SeeInvis .   a - +0 hand axe
rCold   . . .      Faith    .   (no shield)
rNeg    . . .      Spirit   .   b - +0 animal skin
rPois   .          Reflect  .   e - +0 helmet
rElec   .          Harm     .   (no cloak)
rCorr   .          Rampage  .   (no gloves)
Will    .....                   (no boots)
Stlth   +.........              (no amulet)
HPRegen 0.11/turn               (no ring)
MPRegen 0.09/turn               (no ring)

@: no status effects
A: repulsion field 1, demonic touch 2
a: Renounce Religion, Berserk, Trog's Hand


You were on level 2 of the Dungeon.
You worshipped Trog.
Trog was pleased with you.
You visited 1 branch of the dungeon, and saw 2 of its levels.

You collected 113 gold pieces.

Inventory:

Hand Weapons
 a - a +0 hand axe (weapon)
Missiles
 h - 11 arrows
Armour
 b - a +0 animal skin (worn)
 e - a +0 helmet (worn)
Scrolls
 c - a scroll of blinking {unknown}
 i - a scroll of magic mapping {unknown}
Potions
 d - a potion of degeneration {unknown}
 f - a potion of ambrosia {unknown}
 g - a potion of curing {unknown}


   Skills:
 - Level 3.0 Fighting
 + Level 4.6 Axes
 - Level 1.7 Armour
 - Level 1.7 Dodging


You had 3 spell levels left.
You didn't know any spells.
Your spell library was empty.

Dungeon Overview and Level Annotations

Branches:
Dungeon (2/15)

Altars:


Innate Abilities, Weirdness & Mutations

You are surrounded by a mild repulsion field. (EV +2)
Your touch may inflict irresistible damage on your foes.


Message History

An adder comes into view.
The adder hisses angrily.
A worm comes into view.
The adder moves out of view.
A worm is nearby!
You hit the adder. Your touch misses the adder.
The adder is moderately wounded.
The adder bites you but does no damage. The adder misses you.
You miss the adder. Your touch misses the adder.
The adder is moderately wounded.
The adder bites you.
You closely miss the adder.
The adder is moderately wounded.
The adder completely misses you. The adder misses you.
You hit the adder.
You touch the adder.
You kill the adder!
Trog accepts your kill.
You have reached level 4!
You feel clever.
Your demonic ancestry asserts itself...
Your hands glow brighter with unholy energy.
You hit the worm.
You touch the worm.
The worm is moderately wounded.
You hit the worm.
The worm is heavily wounded.
The worm misses you.
You hit the worm.
You touch the worm.
You kill the worm!
Trog accepts your kill.
No target in view!
No target in view!
No target in view!
No target in view!
No target in view!
No target in view!
No target in view!
No target in view!
No target in view!
No target in view!
No target in view!
Are you sure you want to abandon this character and quit the game? (Confirm with "yes".)

#+#.#....#.# #.........
.........# #.# ###.....
.........# #..# #..... .........#
#..# #..... ....##...# #..#
+....) .........#.# #..# #.....
.......###.# ..# +.....
.......###.######†######+###..÷..
.......+........@..........###...
.......#...###.###.........###)).
.......#.....#.# #...............
#......#.#.#.#.###...............
#..............................#.
#.)..#.#.#.....................#.
#....#.#.#................÷......
###....#.#.#........#.......#....
.......#.#.#........##...........


There were no monsters in sight!

Vanquished Creatures
  A gnoll (D:2)
  2 adders (D:2)
  A worm (D:2)
  An orc (D:2)
  5 endoplasms
  2 giant cockroaches
  5 goblins
  5 hobgoblins
  3 quokkas
  6 ball pythons
  A bat (D:1)
  3 frilled lizards
  7 kobolds
  5 rats
47 creatures vanquished.

Notes
Turn   | Place    | Note
-------+----------+-------------------------------------------
     0 | D:1      | spaghetti the Demonspawn Berserker began the quest for the
                  | Orb.
     0 | D:1      | Reached XP level 1. HP: 18/18 MP: 1/1
   274 | D:1      | Reached skill level 3 in Axes
   493 | D:1      | Gained mutation: You are surrounded by a mild repulsion
                  | field. (EV +2) [demonic ancestry]
   493 | D:1      | Reached XP level 2. HP: 21/24 MP: 2/2
  1817 | D:2      | Gained mutation: Your touch may inflict minor irresistible
                  | damage on your foes. [demonic ancestry]
  1817 | D:2      | Reached XP level 3. HP: 23/29 MP: 3/3
  1905 | D:2      | Reached skill level 4 in Axes
  2550 | D:2      | Reached ** piety under Trog
  2856 | D:2      | Gained mutation: Your touch may inflict irresistible damage
                  | on your foes. [demonic ancestry]
  2856 | D:2      | Reached XP level 4. HP: 30/35 MP: 4/4
  2859 | D:2      | Quit the game

Illustrated notes

Levels and vault maps discovered:
D:1:      kennysheep_arrival_seaside, layout_basic, serial_corexii_hall,
          corexii_hall_statues_u, corexii_hall_statues_t
D:2:      minmay_diamond_boxcup, layout_basic, minmay_heptomino_l4

Skill      XL: |  1  2  3 |
---------------+----------+-----
Axes           | 3 4 |  4.6
Fighting       | |  3.0
Armour         | |  1.7
Dodging        | |  1.7

Action                   |  1- 3 |  4- 6 || total
-------------------------+-------+-------++-------
Melee: Hand axe          |   128 |     3 ||   131
       Touch             |    10 |     2 ||    12
       Punch             |     1 |       ||     1
Invok: Berserk           |     3 |       ||     3
Armor: Animal skin       |    25 |       ||    25
Dodge: Dodged            |   123 |     1 ||   124
